 Dungeon Crawl Stone Soup version 0.21.1-1-g345015f (webtiles) character file.

158 letownia2 the Conjurer (level 5, -5/28 HPs)
             Began as a Tengu Fire Elementalist on Mar 5, 2018.
             Killed from afar by letownia2's ghost (15 damage)
             ... with a flame tongue
             ... on level 4 of the Dungeon.
             The game lasted 00:04:34 (1061 turns).

letownia2 the Conjurer (Tengu Fire Elementalist)    Turns: 1061, Time: 00:04:34

Health: -5/28      AC:  3    Str:  8    XL:     5   Next: 40%
Magic:  9/9        EV: 12    Int: 16    God:
Gold:   49         SH:  0    Dex: 15    Spells: 4/8 levels left

rFire    . . .     SeeInvis .   d - +0 whip
rCold    . . .     Gourm    .   (no shield)
rNeg     . . .     Faith    .   l - +0 leather armour
rPois    .         Spirit   .   (helmet restricted)
rElec    .         Reflect  .   (no cloak)
rCorr    .         Harm     .   (no gloves)
MR       .....                  (boots unavailable)
Stlth    ++........             (no amulet)
HPRegen  0.09/turn              (no ring)
MPRegen  0.11/turn              (no ring)

@: no status effects
A: beak, talons 3, able to fly 1
a: Fly


You were on level 4 of the Dungeon.
You were not hungry.

You visited 1 branch of the dungeon, and saw 4 of its levels.

You collected 49 gold pieces.

Inventory:

Hand Weapons
 d - a +0 whip (weapon)
Armour
 a - a +0 robe
 k - a +0 ring mail
 l - a +0 leather armour (worn)
Jewellery
 e - a +4 ring of protection {unknown}
Scrolls
 h - a scroll of blinking {unknown}
 i - 4 scrolls of remove curse {unknown}
 n - a scroll of identify {unknown}
 o - a scroll of noise {unknown}
Potions
 g - a potion of resistance {unknown}
 j - a potion of flight {unknown}
 m - a potion of haste {unknown}
Books
 b - a book of Flames

   Spells                             Type                      Level
   a - Flame Tongue                   Conjuration/Fire             1
   b - Throw Flame                    Conjuration/Fire             2
   c - Conjure Flame                  Conjuration/Fire             3
   d - Inner Flame                    Hexes/Fire                   3
   e - Sticky Flame                   Conjuration/Fire             4
   f - Fireball                       Conjuration/Fire             5
Comestibles
 c - a ration
 f - a chunk of flesh


   Skills:
 + Level 0.8 Fighting
 + Level 0.9 Armour
 + Level 2.5 Dodging
 - Level 2.0 Stealth
 - Level 2.0 Spellcasting
 - Level 6.2 Conjurations
 - Level 3.2 Fire Magic


You had 4 spell levels left.
You knew the following spells:

 Your Spells              Type           Power        Failure   Level  Hunger
a - Flame Tongue          Conj/Fire      ###..        4%          1    #......
c - Conjure Flame         Conj/Fire      ###.....     12%         3    ###....


Dungeon Overview and Level Annotations

Branches:
Dungeon (4/15)
 Temple: D:4-7

Altars:
Sif Muna
Trog
Xom

Annotations:
D:4 Blork the orc; Edmund; letownia2's ghost, amateur TeFE


Innate Abilities, Weirdness & Mutations

You have a beak for a mouth.
You have claws for feet.
You can fly.


Message History

Letownia2's ghost closely misses you.
Found a scroll labeled JERUOLOTUE.
Edmund the Younger comes into view.
He is wielding a flail of holy wrath.
The quokka skeleton barely misses you.
Found a bloodstained altar of Trog.
The ice beast hits you. The ice beast freezes you.
There is an open door here.
The giant cockroach bites you.
There is a bloodstained altar of Trog here.
Edmund says, "People think my brother is the best.
I think he's crazy."
You open the door. The giant cockroach barely misses you.
The giant cockroach bites you but does no damage.
Edmund says, "People accused me of being a cutpurse!"
Found a scroll labeled ZEYSHOU GEFE.
There is an open door here.
Letownia2's ghost wails, "What do you have that I didn't have?"
Letownia2's ghost gestures at you while chanting.
The flame tongue hits you!
Ouch! That really hurt!
You die...

#. .# #. .# ##. .#
.. #.. ##.# .. #..
#..####'## #.. #..
...?.. ##. #.#
#....## #( #@#
#...Z.#######.
#W###'###..#....(.
#s#§§.≈≈#....####.
#.#§≈.≈≈#...## #.
#.Y§YZ.o@...# #.
###§≈Z≈≈#.#...# #s
#≈≈.§≈#.#......o
###'###.........
#.# #####.##..


You could see an ice beast, letownia2's ghost and a giant cockroach.

Vanquished Creatures
  An orc priest (D:3)
  8 adders
  A worm (D:4)
  2 leopard geckos
  3 orcs (D:3)
  4 giant cockroaches
  7 hobgoblins
  7 jackals (D:3)
  A quokka (D:3)
  A ball python (D:2)
  2 bats (D:3)
  A frilled lizard (D:3)
  2 goblins
  5 kobolds
  A quokka zombie (D:2)
  A rat (D:3)
47 creatures vanquished.

Notes
Turn   | Place    | Note
-------+----------+-------------------------------------------
     0 | D:1      | letownia2 the Tengu Fire Elementalist began the quest for the Orb.
     0 | D:1      | Reached XP level 1. HP: 10/10 MP: 4/4
    93 | D:1      | Reached skill level 2 in Conjurations
   132 | D:2      | Reached skill level 3 in Conjurations
   132 | D:2      | Reached XP level 2. HP: 15/15 MP: 3/6
   155 | D:2      | Reached XP level 3. HP: 15/19 MP: 0/7
   163 | D:2      | Learned a level 3 spell: Conjure Flame
   216 | D:2      | Reached skill level 4 in Conjurations
   400 | D:2      | Found a deep blue altar of Sif Muna.
   441 | D:2      | Reached skill level 5 in Conjurations
   441 | D:2      | Reached XP level 4. HP: 19/24 MP: 4/8
   683 | D:3      | Found a shimmering altar of Xom.
   684 | D:3      | Found a shimmering altar of Xom.
   685 | D:3      | Found a shimmering altar of Xom.
   697 | D:3      | Found a shimmering altar of Xom.
   697 | D:3      | Found a shimmering altar of Xom.
   697 | D:3      | Found a shimmering altar of Xom.
   789 | D:3      | Reached skill level 6 in Conjurations
   832 | D:3      | HP: 1/24 [poisoned by an adder]
   834 | D:3      | Gained mutation: You can fly. [Tengu growth]
   834 | D:3      | Reached XP level 5. HP: 10/28 MP: 0/9
  1009 | D:4      | Noticed Blork the orc
  1041 | D:4      | Noticed an ice beast
  1041 | D:4      | Noticed letownia2's ghost (amateur TeFE)
  1048 | D:4      | Found a bloodstained altar of Trog.
  1048 | D:4      | Noticed Edmund
  1061 | D:4      | Killed from afar by letownia2's ghost

Skill      XL: |  1  2  3  4 |
---------------+-------------+-----
Conjurations   | 3 5 6 |  6.2
Fighting       | |  0.8
Armour         | |  0.9
Dodging        | |  2.5
Stealth        | |  2.0
Spellcasting   | |  2.0
Fire Magic     | |  3.2

Action                   |  1- 3 |  4- 6 || total
-------------------------+-------+-------++-------
Melee: Whip              |     3 |    15 ||    18
       Kick              |       |     3 ||     3
 Cast: Flame Tongue      |    28 |    56 ||    84
  Use: Potion            |       |     1 ||     1
  Eat: Chunk             |       |     2 ||     2
Armor: Robe              |     2 |     3 ||     5
       Leather armour    |       |     4 ||     4
Dodge: Dodged            |    11 |    28 ||    39
